 Dungeon Crawl Stone Soup version 0.30-a0-359-gd0147acb1a (webtiles) character file.

Game seed: 17400232943964923776

14 ragingrage the Chopper (level 2, -1/11 (26) HPs)
             Began as a Gnoll Reaver on Nov 12, 2022.
             Slain by a ball python (2 damage)
             ... on level 1 of the Dungeon.
             The game lasted 00:00:31 (185 turns).

ragingrage the Chopper (Gnoll Reaver)                Turns: 185, Time: 00:00:31

HP:   -1/11 (26)    AC:  3    Str: 11    XL:     2   Next: 45%
MP:   5/7           EV:  9    Int: 12    God:
Gold: 43            SH:  0    Dex: 10    Spells: 9/10 levels left

rFire   . . .      SeeInvis .    c - +2 short sword (drain)
rCold   . . .      Faith    .    (no shield)
rNeg    . . .      Spirit   .    b - +0 leather armour
rPois   .          Reflect  .    (no helmet)
rElec   .          Harm     .    (no cloak)
rCorr   .          Rampage  .    (no gloves)
Will    .....                    (no boots)
Stlth   +.........               (no amulet)
HPRegen 0.21/turn                (no ring)
MPRegen 0.10/turn                (no ring)

@: constricted, extremely drained
A: fangs 1, strong nose, distributed training
a: no special abilities


You were on level 1 of the Dungeon.
You visited 1 branch of the dungeon, and saw 1 of its levels.

You collected 43 gold pieces.

Inventory:

Hand Weapons
 a - a +0 hand axe
 c - a +2 short sword of draining (weapon)
Armour
 b - a +0 leather armour (worn)
Scrolls
 d - a scroll of amnesia {unknown}
Potions
 e - a potion of mutation {unknown}


   Skills:
 + Level 4.5 Fighting
 + Level 0.4 Short Blades
 + Level 0.4 Long Blades
 + Level 6.5 Axes
 + Level 0.4 Maces & Flails
 + Level 0.4 Polearms
 + Level 0.4 Staves
 + Level 0.4 Ranged Weapons
 + Level 0.4 Throwing
 + Level 0.4 Armour
 + Level 4.5 Dodging
 + Level 0.4 Stealth
 + Level 0.4 Shields
 + Level 0.4 Unarmed Combat
 + Level 4.9 Spellcasting
 + Level 5.3 Conjurations
 + Level 0.2 Hexes
 + Level 0.2 Summonings
 + Level 0.2 Necromancy
 + Level 0.2 Translocations
 + Level 0.2 Transmutations
 + Level 0.2 Fire Magic
 + Level 0.2 Ice Magic
 + Level 0.2 Air Magic
 + Level 0.2 Earth Magic
 + Level 0.2 Poison Magic
 + Level 0.5 Invocations
 + Level 0.4 Evocations


You had 9 spell levels left.
You knew the following spells:

 Your Spells              Type           Power      Damage    Failure   Level
a - Kiss of Death         Conj/Necr      36%        2d8       9%          1

Your spell library contained the following spells:

 Spells                   Type           Power      Damage    Failure   Level
 Momentum Strike          Conj/Tloc      18%        3d8       13%         2
 Slow                     Hex            12%        N/A       24%         1
 Hailstorm                Conj/Ice       9%         3d4       26%         3
 Confusing Touch          Hex            3%         N/A       56%         3
 Vampiric Draining        Necr           3%         2d6       56%         3


Dungeon Overview and Level Annotations

Branches:
Dungeon (1/15)

Altars:


Innate Abilities, Weirdness & Mutations

You have very sharp teeth.
Your uncanny sense of smell can sniff out nearby items.
Your experience applies equally to all skills.


Message History

You are too injured to fight recklessly!
You are too injured to fight recklessly!
You are too injured to fight recklessly!
There are monsters nearby!
You hit the goblin.
You kill the goblin!
You hit the worm. You drain the worm. You bite the worm, but do no damage.
The worm is heavily wounded.
You hit the worm.
The worm is heavily wounded.
The worm barely misses you. The ball python bites you.
The ball python barely misses you.
You hit the kobold. You drain the kobold.
You kill the kobold!
The ball python bites you. The ball python misses you. The worm bites you.
* * * LOW HITPOINT WARNING * * *
You barely miss the ball python. The ball python barely misses you.
The ball python grabs you. The ball python constricts you.
* * * LOW HITPOINT WARNING * * *
Aiming: Kiss of Death (safe; 9% risk of failure)
Press: ? - help, Q - select action Shift-Dir - straight line, f - worm
Aim: a worm (moderately wounded, lightly drained, 100% to hit)
The negative energy hits the worm!
The worm is drained!
The worm is almost dead.
You feel drained. The ball python bites you.
* * * LOW HITPOINT WARNING * * *
The ball python constricts you.
* * * LOW HITPOINT WARNING * * *
The worm bites you but does no damage.
Aiming: Kiss of Death (safe; 9% risk of failure)
Press: ? - help, Q - select action Shift-Dir - straight line, f/p - worm
Aim: a worm (severely wounded, heavily drained, 100% to hit)
The negative energy hits the worm.
The worm is drained!
You kill the worm!
You feel drained. The ball python closely misses you.
The ball python constricts you.
* * * LOW HITPOINT WARNING * * *
You closely miss the ball python. The ball python bites you.
You die...

....S.##+#..[# #.#
### ....)
....#........##
#.#
....###.......##
.# ....#
#........##.##
#####
#...#.....#.. #
#...###.#..####.##
#...###...........
#....##...........
#........S@)......
#...###>..........
##### ###.........
..####.... ....
### ......
........
.........#


You could see a ball python.

Vanquished Creatures
  A worm (D:1)
  An endoplasm (D:1)
  3 goblins (D:1)
  2 kobolds (D:1)
  A ball python (D:1)
  2 bats (D:1)
  A rat (D:1)
11 creatures vanquished.

Notes
Turn   | Place    | Note
-------+----------+-------------------------------------------
     0 | D:1      | ragingrage the Gnoll Reaver began the quest for the Orb.
     0 | D:1      | Reached XP level 1. HP: 20/20 MP: 6/6
   103 | D:1      | Reached XP level 2. HP: 18/18 MP: 7/7
   185 | D:1      | Slain by a ball python

Illustrated notes

Levels and vault maps discovered:
D:1:      shiori_shiawase, layout_rooms, nicolae_wormholes

Action                   || total
-------------------------++-------
Melee: Hand axe          ||    18
       Short sword       ||    15
       Bite              ||     4
 Cast: Kiss of Death     ||     3
Armor: Leather armour    ||     6
Dodge: Dodged            ||    25

Table legend: (Time is in decaauts)
 A = Elapsed time spent in this place.
 B = Non-inter-level travel time spent in this place.
 C = Inter-level travel time spent in this place.
 D = Time resting spent in this place.
 E = Time spent auto-exploring this place.
 F = Levels seen in this place.
 G = Mean time per level.
                   A        B        C        D        E       F      G
               +--------+--------+--------+--------+--------+-----+--------+
         Total |    184 |    184 |      0 |      2 |    103 |   1 |  184.0 |
       Dungeon |    184 |    184 |      0 |      2 |    103 |   1 |  184.0 |
               +--------+--------+--------+--------+--------+-----+--------+

Top non-repeatable levels by time:
     D:1: 184 daAuts
